 Dungeon Crawl Stone Soup version 0.25-b1-39-g0d900dab71 (webtiles) character file.

Game seed: 4051576708631908676

17485 Jakers the Unseen (level 12, -7/60 HPs)
             Began as a Vine Stalker Ice Elementalist on June 7, 2020.
             Was a High Priest of Sif Muna.
             Mangled by a skeletal warrior
             ... wielding a +0 glaive
             ... led by a skeletal warrior
              (17 damage)
             ... on level 12 of the Dungeon.
             The game lasted 00:42:53 (13167 turns).

Jakers the Unseen (Vine Stalker Ice Elementalist)  Turns: 13167, Time: 00:42:54

Health: -7/60      AC: 12    Str: 11 (12) XL:     12   Next: 48%
Magic:  0/22       EV: 12    Int: 19 (20) God:    Sif Muna [*****.]
Gold:   107        SH:  0    Dex: 16 (18) Spells: 6/23 levels left

rFire    . . .     SeeInvis .   E - +4 rapier of Theory {vorpal, Dex+2}
rCold    . . .     Gourm    .   (no shield)
rNeg     . . .     Faith    .   K - +0 troll leather armour
rPois    .         Spirit   +   D - +2 hat
rElec    .         Reflect  .   (no cloak)
rCorr    .         Harm     .   f - +2 pair of gloves
MR       +....                  (no boots)
Stlth    +++++++...             b - amulet of magic regeneration
HPRegen  1.40/turn              s - ring of stealth
MPRegen  0.43/turn              y - ring of wizardry

@: no status effects
A: fangs 3, molten scales 1, clever 1, deterioration 1, regeneration 2, shaggy
fur 1, magic shield, antimagic bite, no potion heal 3, rot immunity
a: Channel Magic, Forget Spell, Divine Exegesis, Renounce Religion


You were on level 12 of the Dungeon.
You worshipped Sif Muna.
Sif Muna was extremely pleased with you.
You were not hungry.

You visited 2 branches of the dungeon, and saw 13 of its levels.

You collected 627 gold pieces.
You spent 520 gold pieces at shops.

Inventory:

Hand Weapons
 o - a +0 quarterstaff
 E - the +4 rapier of Theory (weapon) {vorpal, Dex+2}
   (You bought it in a shop on level 12 of the Dungeon)

   It inflicts extra damage upon your enemies.
   It affects your dexterity (+2).
 F - a +2 dagger of draining
Missiles
 g - 3 curare-tipped darts
 i - 16 boomerangs (quivered)
 q - 6 boomerangs of dispersal
 x - 6 throwing nets
 G - 4 silver javelins
Armour
 f - a +2 pair of gloves (worn)
 B - a +0 robe of fire resistance
 D - a +2 hat (worn)
 K - a +0 troll leather armour (worn)
Jewellery
 b - an amulet of magic regeneration (around neck)
 s - a ring of stealth (left hand)
 y - a ring of wizardry (right hand)
Wands
 A - a wand of polymorph (10)
 I - a wand of flame (18)
 M - a wand of random effects (8)
Scrolls
 d - a scroll of fear
 e - 4 scrolls of fog
 j - 5 scrolls of identify
 k - a scroll of magic mapping
 l - 2 scrolls of remove curse
 m - a scroll of teleportation
 p - a scroll of brand weapon {unknown}
 t - a scroll of enchant weapon
 v - a scroll of amnesia
Potions
 n - a potion of heal wounds
 r - a potion of might
 u - 3 potions of lignification
 w - 4 potions of curing
 z - a potion of brilliance {unknown}
 C - a potion of flight {unknown}
 H - a potion of magic {unknown}
 J - a potion of berserk rage {unknown}
Miscellaneous
 h - a box of beasts
Comestibles
 c - 20 rations


   Skills:
 - Level 5.1 Fighting
 - Level 9.1 Short Blades
 + Level 2.1 Dodging
 - Level 15.5 Stealth
 - Level 6.0 Spellcasting
 - Level 10.1 Ice Magic


You had 6 spell levels left.
You knew the following spells:

 Your Spells              Type           Power        Failure   Level  Hunger
a - Freeze                Ice            ####         1%          1    None
b - Frozen Ramparts       Ice            #####.       1%          3    ##.....
c - Ozocubu's Armour      Chrm/Ice       ####....     2%          3    ##.....
d - Ensorcelled Hibernat  Hex/Ice        ####..       1%          2    None
e - Hailstorm             Conj/Ice       ####....     8%          4    ####...
f - Summon Ice Beast      Ice/Summ       ####....     8%          4    ####...

Your spell library contained the following spells:

 Spells                   Type           Power        Failure   Level  Hunger
 Corona                   Hex            #......      6%          1    None
 Magic Dart               Conj           #...         6%          1    None
 Sandblast                Erth           #.....       6%          1    None
 Shock                    Conj/Air       #...         6%          1    None
 Summon Small Mammal      Summ           #...         6%          1    None
 Blink                    Tloc           N/A          9%          2    None
 Call Imp                 Summ           #.......     9%          2    None
 Passwall                 Tmut/Erth      #.......     9%          2    None
 Slow                     Hex            #.......     9%          2    None
 Swiftness                Chrm/Air       #.......     9%          2    None
 Call Canine Familiar     Summ           #.......     17%         3    ##.....
 Confusing Touch          Hex            #.......     17%         3    ##.....
 Conjure Flame            Conj/Fire      #.......     17%         3    ##.....
 Dazzling Flash           Conj/Hex       #.....       17%         3    ##.....
 Mephitic Cloud           Conj/Pois/Air  #.......     17%         3    ##.....
 Recall                   Summ/Tloc      N/A          17%         3    ##.....
 Static Discharge         Conj/Air       #.......     17%         3    ##.....
 Stone Arrow              Conj/Erth      #.....       17%         3    ##.....
 Summon Guardian Golem    Hex/Summ       #.......     17%         3    ##.....
 Tukima's Dance           Hex            #.......     17%         3    ##.....
 Airstrike                Air            #.........   47%         4    ####...
 Animate Dead             Necr           N/A          47%         4    ####...
 Fulminant Prism          Conj/Hex       #.........   47%         4    ####...
 Petrify                  Tmut/Erth      #.......     47%         4    ####...
 Summon Lightning Spire   Summ/Air       #.......     47%         4    ####...
 Simulacrum               Ice/Necr       ####......   69%         6    #######
 Bolt of Magma            Conj/Fire/Erth #.........   82%         5    #####..
 Borgnjor's Vile Clutch   Necr/Erth      #.........   82%         5    #####..
 Lee's Rapid Deconstruct  Erth           #.........   82%         5    #####..
 Lightning Bolt           Conj/Air       #.........   82%         5    #####..
 Death Channel            Necr           #.........   100%        6    #######
 Starburst                Conj/Fire      #.........   100%        6    #######
 Orb of Destruction       Conj           #.........   100%        7    #######
 Chain Lightning          Conj/Air       #.........   100%        8    #######


Dungeon Overview and Level Annotations

Branches:
Dungeon (12/15)            Temple (1/1) D:4            Lair (0/6) D:10
    Orc (0/2) D:9

Altars:
Ashenzari
Cheibriados
Dithmenos
Elyvilon
Fedhas
Gozag
Hepliaklqana
Kikubaaqudgha
Makhleb
Nemelex Xobeh
Ru
Sif Muna
Vehumet
Zin
The Shining One

Shops:
D:6 =   D:10 }   D:12 :=(:


Innate Abilities, Weirdness & Mutations

You have razor-sharp teeth.
You heal very quickly.
When hurt, damage is shared between your health and your magic reserves.
Your bite disrupts and absorbs the magic of your enemies.
Potions cannot restore your health.
You are immune to rotting.
You are partially covered in molten scales. (AC +2)
Your mind is acute. (Int +2)
Your body sometimes deteriorates upon taking damage.
You are covered in fur. (AC +1)


Message History

The skeletal warrior is almost destroyed.
The skeletal warrior hits you with a +0 glaive!!
* * * LOW HITPOINT WARNING * * *
The skeletal warrior hits you from afar with a +0 glaive.
* * * LOW HITPOINT WARNING * * *
You see here 7 stones.
A skeletal warrior comes into view. It is wielding a +0 long sword.
You see here a leather armour.
As you read the scroll of fear, it crumbles to dust.
You assume a fearsome visage.
The skeletal warrior is unaffected. x3
The skeletal warrior misses you.
As you read the scroll of teleportation, it crumbles to dust.
You feel strangely unstable.
The skeletal warrior hits you with a +0 hand axe!!
* * * LOW HITPOINT WARNING * * *
Your body deteriorates!
You feel weakened.
Your surroundings seem slightly different.
The skeletal warrior completely misses you.
The skeletal warrior hits you from afar with a +0 glaive!!
You die...

...................z..........
#####..###############........
#.. #........ #.. #........
#.. #........ #.. #........
####..###############........
.......§..z...∩..............
......z...z.@................
#..###########...............
# #≈≈≈............
#≈≈≈≈≈.....$.....
#≈≈∩≈≈...........
..≈≈.≈≈...........
....≈.≈........>...
...........########


You could see 3 skeletal warriors.

Vanquished Creatures
  Harold (D:10)
  A queen ant (D:10)
  A two-headed ogre (D:11)
  A deep elf mage (D:11)
  2 ugly things (D:12)
  A centaur zombie (D:12)
  Joseph (D:10)
  2 gargoyles (D:12)
  2 centaur skeletons (D:10)
  A kobold demonologist (D:11)
  A komodo dragon (D:10)
  5 trolls
  A hornet (D:11)
  6 hippogriffs
  A shadow (D:12)
  2 wyverns
  3 wraiths
  8 yaks
  An acid dragon (D:10)
  5 soldier ants
  10 orc warriors
  4 ice beasts
  A phantom (D:12)
  A necrophage (D:11)
  11 ogres
  An eye of draining (D:12)
  A centaur (D:8)
  8 big kobolds
  2 gnoll sergeants (D:9)
  8 bullfrogs
  9 scorpions
  10 killer bees
  5 wights (D:8)
  4 howler monkeys (D:12)
  2 crimson imps
  A bullfrog zombie (D:6)
  A quasit (D:12)
  6 hounds
  A jelly (D:8)
  9 orc wizards
  9 orc priests
  5 bullfrog skeletons
  Jessica (D:2)
  An iguana (D:10)
  24 worker ants
  A hound skeleton (D:4)
  A howler monkey zombie (D:7)
  2 worker ant zombies (D:10)
  Robin (D:3)
  3 gnolls (D:9)
  A howler monkey skeleton (D:4)
  18 adders
  6 shadow imps
  An ooze (D:1)
  2 worms
  A dart slug (D:2)
  7 leopard geckos
  44 orcs
  5 giant cockroaches
  13 goblins
  11 hobgoblins
  10 jackals
  4 quokkas
  11 bats
  6 frilled lizards
  A jackal skeleton (D:6)
  46 kobolds
  A quokka skeleton (D:7)
  A quokka zombie (D:7)
  7 rats
385 creatures vanquished.

Vanquished Creatures (collateral kills)
  A jelly (D:11)
1 creature vanquished.

Grand Total: 386 creatures vanquished

Notes
Turn   | Place    | Note
-------+----------+-------------------------------------------
     0 | D:1      | Jakers the Vine Stalker Ice Elementalist began the quest
                  | for the Orb.
     0 | D:1      | Reached XP level 1. HP: 9/9 MP: 4/4
   243 | D:1      | Reached XP level 2. HP: 10/13 MP: 0/6
   720 | D:1      | Reached XP level 3. HP: 16/16 MP: 5/7
  1011 | D:2      | Reached skill level 5 in Ice Magic
  1303 | D:2      | Gained mutation: Your natural rate of healing is unusually
                  | fast. [Vine Stalker growth]
  1303 | D:2      | Reached XP level 4. HP: 21/21 MP: 8/8
  1566 | D:2      | Found a snail-covered altar of Cheibriados.
  1842 | D:2      | Noticed Jessica
  1844 | D:2      | Killed Jessica
  1961 | D:3      | Reached XP level 5. HP: 20/24 MP: 5/9
  2266 | D:3      | Noticed Robin
  2274 | D:3      | Killed Robin
  2481 | D:3      | Learned a level 3 spell: Frozen Ramparts
  2680 | D:3      | Reached XP level 6. HP: 27/28 MP: 4/10
  3205 | D:4      | Found a staircase to the Ecumenical Temple.
  3215 | Temple   | Entered the Ecumenical Temple
  3257 | Temple   | Became a worshipper of Sif Muna the Loreminder
  3273 | D:4      | Reached skill level 1 in Fighting
  3317 | D:3      | Learned a level 3 spell: Ozocubu's Armour
  3525 | D:4      | Found a blossoming altar of Fedhas.
  3804 | D:4      | Reached XP level 7. HP: 37/37 MP: 4/11
  4018 | D:4      | Reached * piety under Sif Muna
  4260 | D:4      | Reached skill level 5 in Fighting
  4262 | D:4      | Found a radiant altar of Vehumet.
  4523 | D:5      | Entered Level 5 of the Dungeon
  4531 | D:5      | Found Akhlivodu's Armour Shop.
  4617 | D:5      | Found a shadowy altar of Dithmenos.
  4689 | D:5      | Found a burning altar of Makhleb.
  4731 | D:5      | Found a sacrificial altar of Ru.
  4780 | D:5      | Found a white marble altar of Elyvilon.
  4790 | D:5      | Gained mutation: You have razor-sharp teeth. [Vine Stalker
                  | growth]
  4790 | D:5      | Reached XP level 8. HP: 29/43 MP: 2/14
  5553 | D:6      | Reached ** piety under Sif Muna
  5579 | D:6      | Reached skill level 5 in Spellcasting
  5835 | D:6      | Found Tuemigoe's Jewellery Shoppe.
  5848 | D:6      | Learned a level 2 spell: Ensorcelled Hibernation
  5932 | D:6      | Found an ancient bone altar of Kikubaaqudgha.
  6101 | D:6      | Reached skill level 4 in Stealth
  6127 | D:6      | Found a glowing golden altar of the Shining One.
  6649 | D:7      | Reached skill level 5 in Stealth
  6669 | D:7      | Reached skill level 6 in Stealth
  6806 | D:7      | Reached skill level 7 in Stealth
  6806 | D:7      | Reached XP level 9. HP: 41/47 MP: 10/19
  6929 | D:7      | Found a sparkling altar of Nemelex Xobeh.
  7853 | D:8      | Found a glowing silver altar of Zin.
  7863 | D:8      | Reached skill level 8 in Stealth
  7980 | D:8      | Reached skill level 9 in Stealth
  8162 | D:8      | Reached skill level 10 in Stealth
  8358 | D:8      | Reached *** piety under Sif Muna
  8501 | D:8      | Reached skill level 11 in Stealth
  8664 | D:8      | Reached XP level 10. HP: 50/51 MP: 15/20
  8966 | D:8      | Reached skill level 12 in Stealth
  9078 | D:8      | Found a shattered altar of Ashenzari.
  9079 | D:8      | Found a hazy altar of Hepliaklqana.
  9805 | D:9      | Found a staircase to the Orcish Mines.
  9812 | D:9      | Reached skill level 13 in Stealth
  9865 | D:9      | Reached skill level 14 in Stealth
  9876 | D:9      | Reached **** piety under Sif Muna
 10273 | D:10     | Entered Level 10 of the Dungeon
 10288 | D:10     | Noticed Harold
 10290 | D:10     | Found a staircase to the Lair.
 10311 | D:10     | Gained mutation: Your mind is acute. (Int +2) [potion of
                  | mutation]
 10311 | D:10     | Gained mutation: Your body sometimes deteriorates upon
                  | taking damage. [potion of mutation]
 10311 | D:10     | Gained mutation: You are covered in fur. (AC +1) [potion of
                  | mutation]
 10311 | D:10     | Gained mutation: You are partially covered in molten
                  | scales. (AC +2) [potion of mutation]
 10382 | D:10     | Killed Harold
 10382 | D:10     | Reached skill level 15 in Stealth
 10382 | D:10     | Reached XP level 11. HP: 29/55 MP: 8/21
 10694 | D:10     | Reached ***** piety under Sif Muna
 10694 | D:10     | Received a gift from Sif Muna
 10696 | D:10     | Noticed a queen ant
 10729 | D:10     | Killed a queen ant
 10838 | D:10     | Learned a level 4 spell: Hailstorm
 10855 | D:10     | Reached skill level 10 in Ice Magic
 10974 | D:10     | Noticed Joseph
 11149 | D:10     | Found Xauttoz's Gadget Shoppe.
 11168 | D:10     | Killed Joseph
 11168 | D:10     | Reached skill level 1 in Short Blades
 11944 | D:11     | Learned a level 4 spell: Summon Ice Beast
 11969 | D:11     | Found a sacrificial altar of Ru.
 11982 | D:11     | Noticed a two-headed ogre
 11994 | D:11     | Noticed a deep elf mage
 12005 | D:11     | Killed a two-headed ogre
 12005 | D:11     | Reached skill level 5 in Short Blades
 12173 | D:11     | Gained mutation: You heal very quickly. [Vine Stalker
                  | growth]
 12173 | D:11     | Reached XP level 12. HP: 45/60 MP: 11/22
 12573 | D:12     | Found Jemuxar's Weapon Boutique.
 12587 | D:12     | Bought the +4 rapier of Theory {vorpal, Dex+2} for 520 gold
                  | pieces
 12871 | D:12     | Identified Sif Muna's Catalogue of Arcane Weapons (Sif Muna
                  | gifted it to you on level 12 of the Dungeon)
 12871 | D:12     | Received a gift from Sif Muna
 13004 | D:12     | Found Qixkiez's Book Shoppe.
 13135 | D:12     | Found Vuamackate's Jewellery Shoppe.
 13136 | D:12     | Found Touryev's Book Emporium.
 13167 | D:12     | Mangled by a skeletal warrior

Illustrated notes

Levels and vault maps discovered:
D:1:      erik_arrival_orb_chamber, layout_basic, minmay_small_reverse_x
D:2:      layout_rooms, marbit_many_paths, uniq_jessica
D:3:      layout_loops_ring, first_ration, minmay_cupped, uniq_robin
D:4:      layout_loops_ring, kennysheep_mini_moat, fedhas_altar_fruit_tree,
          minmay_temple_entry_gardened_gates
D:5:      kennysheep_kobold_camp, layout_basic, nicolae_ru_awakened_eye,
          old_standard_altar, nicolae_overflow_crystal_walls,
          overflow_temple_1_default, serial_shops, shop
D:6:      layout_basic, lemuel_round_altar, kiku_gazebo_pond_becter,
          serial_shops, shop
D:7:      layout_basic, lemuel_doored_altar
D:8:      layout_loops_corners, overflow_temple_1_default,
          gammafunk_temple_overflow_pools, grunt_ogre_cave
D:9:      layout_irregular_city, kennysheep_orc_monster_closet_entryway
D:10:     layout_small_grid, lair_entry_dummy, serial_shops, shop,
          minmay_another_anthill, uniq_joseph, uniq_harold
D:11:     layout_rooms, gauntlet_entry_generic, basic_altar
D:12:     minmay_box_of_statues, layout_long_grid, serial_shops,
          nicolae_shop_waterfront, shop, shop_fountains, shop, shop_statue
Temple:   nicolae_temple_figure_zero

Skill      XL: |  1  2  3  4  5  6  7  8  9 10 11 12 |
---------------+-------------------------------------+-----
Ice Magic      | 5 6 7 8 10 | 10.1
Fighting       | 3 5 |  5.1
Spellcasting   | 3 6 |  6.0
Stealth        | 7 11 15 | 15.5
Short Blades   | 6 9 |  9.1
Dodging        | 2 |  2.1

Action                   |  1- 3 |  4- 6 |  7- 9 | 10-12 || total
-------------------------+-------+-------+-------+-------++-------
Melee: Dagger            |    11 |       |    99 |   175 ||   285
       Bite              |     3 |    22 |    62 |    74 ||   161
       Quarterstaff      |       |   101 |    59 |    38 ||   198
       Short sword       |       |     2 |   115 |       ||   117
       Rapier            |       |       |       |    64 ||    64
Throw: Boomerang         |    28 |    32 |     3 |     4 ||    67
 Cast: Freeze            |    38 |    69 |    88 |    96 ||   291
       Frozen Ramparts   |       |     2 |    27 |    43 ||    72
       Ozocubu's Armour  |       |     2 |     9 |     6 ||    17
       Ensorcelled Hiber |       |       |    14 |    44 ||    58
       Hailstorm         |       |       |       |     8 ||     8
       Summon Ice Beast  |       |       |       |     2 ||     2
Invok: Channel Magic     |       |       |     1 |       ||     1
  Use: Scroll            |       |    10 |       |    12 ||    22
       Potion            |       |       |       |     6 ||     6
 Stab: Sleeping          |       |     6 |    22 |    34 ||    62
       Distracted        |       |       |       |     1 ||     1
  Eat: Chunk             |     2 |     9 |    19 |    10 ||    40
       Ration            |       |       |       |     2 ||     2
Armor: Robe              |     4 |    36 |   110 |   116 ||   266
       Troll leather arm |       |       |       |     8 ||     8
Dodge: Dodged            |    31 |   108 |   190 |   205 ||   534
